Minnesota North Stars vs Winnipeg Jets
Created - Sunday, March 19, 2023 at 08:34
Goals
|
| Minnesota North Stars |
4 |
0 |
0 |
0 |
2 |
5 |
| Winnipeg Jets |
1 |
3 |
0 |
0 |
1 |
4 |
|
Shots
|
| Minnesota North Stars |
25 |
5 |
10 |
2 |
5 |
42 |
| Winnipeg Jets |
10 |
9 |
7 |
1 |
5 |
27 |
|
1st period
1. Winnipeg Jets , Connor McDavid 4 (Brandon Montour 5, Ryan Nugent-Hopkins 6) at 12:12
2. Minnesota North Stars , Yegor Sharangovich 3 (Zdeno Chara 2, Rasmus Dahlin 3) at 15:14
3. Minnesota North Stars , Yegor Sharangovich 4 (Jeff Skinner 2, Gustav Forsling 1) at 17:36
4. Minnesota North Stars , Jack Hughes 4 (Jonathan Toews 3) at 17:48
5. Minnesota North Stars , Viktor Arvidsson 1 (Evgeni Malkin 5) at 17:52
Penalties :
Ryan Nugent-Hopkins (WPG) for Roughing (Minor) at 2:53
2nd period
6. Winnipeg Jets , Mathew Barzal 3 (Dylan Larkin 3) at 1:20
7. Winnipeg Jets , Andrew Copp 2 (Ryan Nugent-Hopkins 7, Connor McDavid 10) at 3:09
8. Winnipeg Jets , Seth Jones 1 (Connor McDavid 11) at 19:46
Penalties :
Jeff Skinner (MNS) for Interference (Minor) at 3:43, Ryan Nugent-Hopkins (WPG) for Roughing (Minor) at 8:16, Jacob Trouba (WPG) for Holding Stick (Minor) at 11:01, Seth Jones (WPG) for Hooking (Minor) at 16:24
3rd period
No Goal
Penalties :
No Penalty
Overtime #1
No Goal
Penalties :
No Penalty
Shootout
Minnesota North Stars, Evgeni Malkin - Goal!
Winnipeg Jets, Connor McDavid - Stopped by Antti Raanta
Minnesota North Stars, David Perron - Stopped by Connor Hellebuyck
Winnipeg Jets, Ryan Nugent-Hopkins - Goal!
Minnesota North Stars, Jeff Skinner - Stopped by Connor Hellebuyck
Winnipeg Jets, Dylan Larkin - Shot Misses the Net
Minnesota North Stars, Jonathan Toews - Stopped by Connor Hellebuyck
Winnipeg Jets, Nick Suzuki - Shot Misses the Net
Minnesota North Stars, Alex Goligoski - Goal!
Winnipeg Jets, Andrew Copp - Shot Misses the Net
Penalties :
No Penalty
Goalie Stats
Antti Raanta (MNS), 23 saves from 27 shots - (0.852), W, 1-1-0, 65:00 minutes
Connor Hellebuyck (WPG), 38 saves from 42 shots - (0.905), OTL, 5-0-1, 65:00 minutes
Players Stats for Minnesota North Stars
Player Name G A P +/- PIM S H SB GA TA FO MP PP MP PK MP
------------------------------------------------------------------------------------
Adam Lowry 0 0 0 2 0 4 2 0 0 0 4/8 17:40 2:44 0:29
Alex Goligoski 0 0 0 0 0 1 1 1 1 1 0/0 21:40 2:39 0:00
Andrew Poturalski 0 0 0 -1 0 0 0 0 0 0 1/5 10:56 0:00 0:00
Conor Sheary 0 0 0 -1 0 3 0 0 1 1 0/0 11:19 0:00 0:00
David Perron 0 0 0 -1 0 3 2 0 0 1 0/2 20:19 2:47 0:49
Evgeni Malkin 0 1 1 -1 0 5 1 0 2 0 4/10 21:06 5:02 0:00
Gustav Forsling 0 1 1 1 0 1 1 2 0 0 0/0 21:35 0:00 0:31
Gustav Nyquist 0 0 0 0 0 0 0 0 0 0 0/0 13:20 0:23 1:10
Jack Hughes 1 0 1 0 0 4 1 1 0 0 0/0 7:30 1:06 0:00
Jeff Skinner 0 1 1 2 2 6 2 0 2 0 1/1 20:20 2:44 0:00
Jonathan Toews 0 1 1 -1 0 5 4 0 0 1 17/36 24:01 5:02 1:10
Justin Holl 0 0 0 1 0 0 1 0 0 0 0/0 14:43 2:39 0:31
Neal Pionk 0 0 0 0 0 1 1 2 1 0 0/0 18:15 5:17 0:00
Nino Niederreiter 0 0 0 -1 0 0 0 0 0 0 0/0 12:27 0:00 0:00
Rasmus Dahlin 0 1 1 -1 0 1 1 1 0 0 0/0 31:13 5:17 1:28
Viktor Arvidsson 1 0 1 0 0 1 0 1 1 0 0/2 8:46 0:00 0:00
Yegor Sharangovich 2 0 2 2 0 5 0 0 1 2 0/0 20:16 4:00 0:20
Zdeno Chara 0 1 1 -1 0 2 0 1 0 0 0/0 22:34 0:00 1:28
Players Stats for Winnipeg Jets
Player Name G A P +/- PIM S H SB GA TA FO MP PP MP PK MP
------------------------------------------------------------------------------------
Andrew Cogliano 0 0 0 0 0 1 0 0 0 0 0/1 2:32 0:00 0:33
Andrew Copp 1 0 1 0 0 4 0 2 0 0 0/0 17:09 1:05 0:00
Brandon Montour 0 1 1 2 0 0 2 3 0 1 0/0 30:49 1:02 4:36
Connor McDavid 1 2 3 1 0 6 3 2 2 0 21/34 29:41 1:05 4:22
Dylan Larkin 0 1 1 -1 0 1 2 0 0 0 12/20 19:47 0:54 2:30
Jacob Trouba 0 0 0 -2 2 1 5 0 0 2 0/0 21:44 0:57 2:28
John Klingberg 0 0 0 1 0 0 1 1 0 0 0/0 14:55 0:00 1:57
Jonathan Marchessault 0 0 0 0 0 2 0 0 0 0 0/0 7:22 0:00 1:44
Kevin Shattenkirk 0 0 0 -2 0 2 0 2 0 2 0/0 22:37 0:57 3:20
Kyle Palmieri 0 0 0 0 0 0 0 0 0 1 0/0 4:42 0:00 0:00
Mark Stone 0 0 0 -1 0 0 0 1 1 0 0/1 16:01 0:54 0:00
Mathew Barzal 1 0 1 -1 0 3 2 0 0 0 0/0 18:17 0:54 1:28
Nick Leddy 0 0 0 0 0 0 0 0 0 0 0/0 11:34 0:00 0:00
Nick Suzuki 0 0 0 0 0 1 0 0 1 0 2/4 15:36 0:00 2:30
Pius Suter 0 0 0 0 0 0 0 0 0 1 1/3 12:39 0:00 0:27
Ryan Nugent-Hopkins 0 2 2 1 4 2 2 0 2 2 1/1 23:20 1:05 2:18
Seth Jones 1 0 1 2 2 2 2 2 0 0 0/0 29:43 1:02 3:31
Tyler Toffoli 0 0 0 0 0 2 0 0 0 0 0/0 13:32 0:00 0:00
3 Stars
1 - Connor McDavid (WPG)
2 - Yegor Sharangovich (MNS)
3 - Seth Jones (WPG)
Power Play
Minnesota North Stars - 0 on 4 Attempt(s) - 0.00%
Winnipeg Jets - 0 on 1 Attempt(s) - 0.00%
Penalty Kill
Minnesota North Stars - 1 on 1 Attempt(s) - 100.00%
- Score 0 goal in Penalty Kill
Winnipeg Jets - 4 on 4 Attempt(s) - 100.00%
- Score 0 goal in Penalty Kill
Team Stat
Minnesota North Stars - Hits : 17 - Faceoff Wins : 27 - Blocked Shots : 9 - Penalty Minutes : 2
Winnipeg Jets - Hits : 19 - Faceoff Wins : 37 - Blocked Shots : 13 - Penalty Minutes : 8
Official
Referees : Kendrick Nicholson and Chris Lee
Linesman : Brandon Gawryletz and Vaughan Rody
Game Notes
Jack Hughes is injured at 19:54 of 1st period (Upper Body)
Finance
Level 1 -- Attendance: 5738 (95.63%) -- Ticket Income $527,896
Level 2 -- Attendance: 4757 (95.14%) -- Ticket Income $261,635
Level 3 -- Attendance: 3000 (100.00%) -- Ticket Income $90,000
Level 4 -- Attendance: 4479 (89.58%) -- Ticket Income $98,538
Luxury Box -- Attendance: 998 (99.80%) -- Ticket Income $189,620
Game was played at the MTS Centre.
Total Attendance: 18972 (94.86%)
Total Ticket Income: $1,167,689
Other Income: $408,691
Total Income: $1,576,380
Minnesota North Stars
5 vs 5 Forward
Center Left Wing Right Wing Time % Phy DF OF
1 Jonathan Toews Jack Hughes David Perron 40 1 2 2
2 Adam Lowry Jeff Skinner Yegor Sharangovich 30 1 2 2
3 Evgeni Malkin Gustav Nyquist Viktor Arvidsson 25 1 2 2
4 Andrew Poturalski Conor Sheary Nino Niederreiter 5 1 2 2
5 vs 5 Defense
Defense Defense Time % Phy DF OF
1 Rasmus Dahlin Zdeno Chara 41 1 2 2
2 Gustav Forsling Alex Goligoski 31 1 2 2
3 Justin Holl Neal Pionk 20 1 2 2
4 Rasmus Dahlin Gustav Forsling 8 1 2 2
PowerPlay Forward
Center Left Wing Right Wing Time % Phy DF OF
1 Jonathan Toews Jack Hughes Evgeni Malkin 60 1 2 2
2 Adam Lowry Jeff Skinner David Perron 40 1 2 2
PowerPlay Defense
Defense Defense Time % Phy DF OF
1 Rasmus Dahlin Neal Pionk 60 1 2 2
2 Justin Holl Alex Goligoski 40 1 2 2
Penalty Kill 4 Players Forward
Center Wing Time % Phy DF OF
1 Jonathan Toews Gustav Nyquist 60 1 2 2
2 Adam Lowry David Perron 40 1 2 2
Penalty Kill 4 Players Defense
Defense Defense Time % Phy DF OF
1 Rasmus Dahlin Zdeno Chara 60 1 2 2
2 Gustav Forsling Justin Holl 40 1 2 2
Penalty Kill - 3 Players Forward
Forward Time % Phy DF OF
1 Jonathan Toews 60 1 2 2
2 Adam Lowry 40 1 2 2
Penalty Kill - 3 Players Defense
Defense Defense Time % Phy DF OF
1 Rasmus Dahlin Zdeno Chara 60 1 2 2
2 Gustav Forsling Justin Holl 40 1 2 2
4 vs 4 Forward
Center Wing Time % Phy DF OF
1 Jonathan Toews Jack Hughes 60 1 2 2
2 Adam Lowry Evgeni Malkin 40 1 2 2
4 vs 4 Defense
Defense Defense Time % Phy DF OF
1 Rasmus Dahlin Zdeno Chara 60 1 2 2
2 Gustav Forsling Alex Goligoski 40 1 2 2
Last Minutes Offensive
Center Left Wing Right Wing Defense Defense
Jonathan Toews Jack Hughes Evgeni Malkin Rasmus Dahlin Neal Pionk
Last Minutes Defensive
Center Left Wing Right Wing Defense Defense
Jonathan Toews Adam Lowry David Perron Rasmus Dahlin Zdeno Chara
Goaltenders
Starting : Antti Raanta
Backup : Brian Elliott
Extra Forwards
Normal : Evgeni Malkin, Jack Hughes, Jeff Skinner - PP : Evgeni Malkin, Yegor Sharangovich - PK : Gustav Nyquist
Extra Defensemen
Normal : Neal Pionk, Rasmus Dahlin, Alex Goligoski - PP : Rasmus Dahlin - PK : Justin Holl, Alex Goligoski
Penalty Shots
Evgeni Malkin, Jack Hughes, David Perron, Jeff Skinner, Jonathan Toews
Winnipeg Jets
5 vs 5 Forward
Center Left Wing Right Wing Time % Phy DF OF
1 Connor McDavid Ryan Nugent-Hopkins Andrew Copp 40 1 2 2
2 Dylan Larkin Mathew Barzal Mark Stone 30 1 2 2
3 Nick Suzuki Tyler Toffoli Pius Suter 20 1 2 2
4 Connor McDavid Jonathan Marchessault Kyle Palmieri 10 1 2 2
5 vs 5 Defense
Defense Defense Time % Phy DF OF
1 Seth Jones Brandon Montour 40 1 2 2
2 Jacob Trouba Kevin Shattenkirk 30 1 2 2
3 Nick Leddy John Klingberg 20 1 2 2
4 Seth Jones Brandon Montour 10 1 2 2
PowerPlay Forward
Center Left Wing Right Wing Time % Phy DF OF
1 Connor McDavid Ryan Nugent-Hopkins Andrew Copp 60 1 2 2
2 Dylan Larkin Mathew Barzal Mark Stone 40 1 2 2
PowerPlay Defense
Defense Defense Time % Phy DF OF
1 Seth Jones Brandon Montour 60 1 2 2
2 Jacob Trouba Kevin Shattenkirk 40 1 2 2
Penalty Kill 4 Players Forward
Center Wing Time % Phy DF OF
1 Connor McDavid Ryan Nugent-Hopkins 60 1 2 2
2 Dylan Larkin Nick Suzuki 40 1 2 2
Penalty Kill 4 Players Defense
Defense Defense Time % Phy DF OF
1 Seth Jones Brandon Montour 60 1 2 2
2 Jacob Trouba Kevin Shattenkirk 40 1 2 2
Penalty Kill - 3 Players Forward
Forward Time % Phy DF OF
1 Connor McDavid 60 1 2 2
2 Ryan Nugent-Hopkins 40 1 2 2
Penalty Kill - 3 Players Defense
Defense Defense Time % Phy DF OF
1 Seth Jones Brandon Montour 60 1 2 2
2 Jacob Trouba Kevin Shattenkirk 40 1 2 2
4 vs 4 Forward
Center Wing Time % Phy DF OF
1 Connor McDavid Ryan Nugent-Hopkins 60 1 2 2
2 Dylan Larkin Nick Suzuki 40 1 2 2
4 vs 4 Defense
Defense Defense Time % Phy DF OF
1 Seth Jones Brandon Montour 60 1 2 2
2 Jacob Trouba Kevin Shattenkirk 40 1 2 2
Last Minutes Offensive
Center Left Wing Right Wing Defense Defense
Connor McDavid Ryan Nugent-Hopkins Andrew Copp Seth Jones Brandon Montour
Last Minutes Defensive
Center Left Wing Right Wing Defense Defense
Connor McDavid Ryan Nugent-Hopkins Andrew Copp Seth Jones Brandon Montour
Goaltenders
Starting : Connor Hellebuyck
Backup : Jake Allen
Extra Forwards
Normal : Andrew Cogliano, Tyler Toffoli, Jonathan Marchessault - PP : Andrew Cogliano, Tyler Toffoli - PK : Jonathan Marchessault
Extra Defensemen
Normal : Nick Leddy, John Klingberg, Jacob Trouba - PP : Nick Leddy - PK : John Klingberg, Jacob Trouba
Penalty Shots
Connor McDavid, Ryan Nugent-Hopkins, Dylan Larkin, Nick Suzuki, Andrew Copp
% Time on Ice - Minnesota North Stars
Lines # - Real PCT - Wanted PCT - Time Play
Normal Forward
1 - 34% - 40% - 17:16
2 - 29% - 30% - 14:20
3 - 15% - 25% - 7:33
4 - 22% - 5% - 10:56
Normal Defense
1 - 40% - 41% - 20:07
2 - 33% - 31% - 16:38
3 - 21% - 20% - 10:44
4 - 5% - 8% - 2:36
PP Forward
1 - 66% - 60% - 5:12
2 - 34% - 40% - 2:44
PP Defense
1 - 67% - 60% - 5:17
2 - 33% - 40% - 2:39
PK Forward
1 - 76% - 60% - 1:30
2 - 24% - 40% - 0:29
PK Defense
1 - 74% - 60% - 1:28
2 - 26% - 40% - 0:31
PK3 Forward
1 - 0% - 60%
2 - 0% - 40%
PK3 Defense
1 - 0% - 60%
2 - 0% - 40%
44 Forward
1 - 100% - 60% - 5:00
2 - 0% - 40% - 0:00
44 Defense
1 - 52% - 60% - 2:37
2 - 48% - 40% - 2:23
Last Minute Offensive - 0:00
Last Minute Defensive - 0:00
Total
Forward - 65:00
Defense - 65:00
|
% Time on Ice - Winnipeg Jets
Lines # - Real PCT - Wanted PCT - Time Play
Normal Forward
1 - 36% - 40% - 18:16
2 - 30% - 30% - 15:15
3 - 24% - 20% - 11:52
4 - 9% - 10% - 4:42
Normal Defense
1 - 40% - 40% - 19:54
2 - 33% - 30% - 16:30
3 - 22% - 20% - 11:01
4 - 5% - 10% - 2:40
PP Forward
1 - 55% - 60% - 1:05
2 - 45% - 40% - 0:54
PP Defense
1 - 52% - 60% - 1:02
2 - 48% - 40% - 0:57
PK Forward
1 - 68% - 60% - 5:26
2 - 32% - 40% - 2:30
PK Defense
1 - 58% - 60% - 4:36
2 - 42% - 40% - 3:20
PK3 Forward
1 - 0% - 60%
2 - 0% - 40%
PK3 Defense
1 - 0% - 60%
2 - 0% - 40%
44 Forward
1 - 76% - 60% - 3:47
2 - 24% - 40% - 1:13
44 Defense
1 - 63% - 60% - 3:10
2 - 37% - 40% - 1:50
Last Minute Offensive - 0:00
Last Minute Defensive - 0:00
Total
Forward - 65:00
Defense - 65:00
|
Play-by-Play
1st period
0:01 of 1st period - Jonathan Toews wins face-off versus Connor McDavid in neutral zone.
0:06 of 1st period - Snap shot by David Perron.
0:06 of 1st period - Shot Misses the Net.
0:08 of 1st period - Slapshot by Jonathan Toews.
0:08 of 1st period - Stopped by Connor Hellebuyck without a rebound.
0:09 of 1st period - Jonathan Toews wins face-off versus Connor McDavid in Winnipeg Jets zone.
0:25 of 1st period - Off-side.
0:26 of 1st period - Dylan Larkin wins face-off versus Adam Lowry in neutral zone.
1:20 of 1st period - Slapshot by Connor McDavid.
1:20 of 1st period - Stopped by Antti Raanta with a rebound.
1:22 of 1st period - Slapshot by Jacob Trouba.
1:22 of 1st period - Stopped by Antti Raanta with a rebound.
1:24 of 1st period - Slapshot by Kevin Shattenkirk.
1:24 of 1st period - Stopped by Antti Raanta without a rebound.
1:25 of 1st period - Connor McDavid wins face-off versus Jonathan Toews in Minnesota North Stars zone.
1:52 of 1st period - Zdeno Chara is hit by Dylan Larkin and loses puck.
2:53 of 1st period - Minor Penalty to Ryan Nugent-Hopkins for Roughing.
2:54 of 1st period - Connor McDavid wins face-off versus Jonathan Toews in Winnipeg Jets zone.
3:20 of 1st period - Snap shot by Jeff Skinner.
3:20 of 1st period - Deflect By David Perron.
3:20 of 1st period - Stopped by Connor Hellebuyck with a rebound.
4:53 of 1st period - Penalty to Ryan Nugent-Hopkins is over, Ryan Nugent-Hopkins is back on ice.
5:08 of 1st period - Snap shot by Nino Niederreiter.
5:08 of 1st period - Shot Misses the Net.
5:10 of 1st period - Slapshot by Rasmus Dahlin.
5:10 of 1st period - Shot Blocked by Kevin Shattenkirk.
6:43 of 1st period - Neal Pionk is hit by Brandon Montour and loses puck.
6:58 of 1st period - Slapshot by Mathew Barzal.
6:58 of 1st period - Stopped by Antti Raanta without a rebound.
6:59 of 1st period - Connor McDavid wins face-off versus Jonathan Toews in Minnesota North Stars zone.
7:10 of 1st period - Kevin Shattenkirk is hit by Jack Hughes and loses puck.
7:21 of 1st period - Zdeno Chara is hit by Jacob Trouba and loses puck.
7:26 of 1st period - Slapshot by Tyler Toffoli.
7:26 of 1st period - Stopped by Antti Raanta with a rebound.
8:21 of 1st period - Wrist shot by Conor Sheary.
8:21 of 1st period - Deflect By Brandon Montour.
8:21 of 1st period - Stopped by Connor Hellebuyck with a rebound.
8:37 of 1st period - Jack Hughes is hit by Seth Jones and loses puck.
9:03 of 1st period - Slapshot by Jeff Skinner.
9:03 of 1st period - Stopped by Connor Hellebuyck without a rebound.
9:04 of 1st period - Connor McDavid wins face-off versus Evgeni Malkin in Winnipeg Jets zone.
9:25 of 1st period - Slapshot by David Perron.
9:25 of 1st period - Shot Blocked by Mark Stone.
9:31 of 1st period - Justin Holl is hit by Seth Jones and loses puck.
9:44 of 1st period - Snap shot by Tyler Toffoli.
9:44 of 1st period - Stopped by Antti Raanta without a rebound.
9:45 of 1st period - Jeff Skinner wins face-off versus Nick Suzuki in Minnesota North Stars zone.
10:21 of 1st period - Seth Jones is hit by Jonathan Toews and loses puck.
10:39 of 1st period - Gustav Nyquist is hit by Mathew Barzal and loses puck.
12:00 of 1st period - Snap shot by Ryan Nugent-Hopkins.
12:00 of 1st period - Stopped by Antti Raanta without a rebound.
12:01 of 1st period - Connor McDavid wins face-off versus Evgeni Malkin in Minnesota North Stars zone.
12:04 of 1st period - Snap shot by Connor McDavid.
12:04 of 1st period - Deflect By Ryan Nugent-Hopkins.
12:04 of 1st period - Shot Misses the Net.
12:04 of 1st period - Puck is out of play.
12:05 of 1st period - Connor McDavid wins face-off versus Jonathan Toews in Minnesota North Stars zone.
12:08 of 1st period - Snap shot by Ryan Nugent-Hopkins.
12:08 of 1st period - Shot Misses the Net.
12:10 of 1st period - Slapshot by Brandon Montour.
12:10 of 1st period - Shot Misses the Net.
12:12 of 1st period - Wrist shot by Connor McDavid.
12:12 of 1st period - Goal by Connor McDavid - Minnesota North Stars : 0 - Winnipeg Jets : 1.
12:13 of 1st period - Jonathan Toews wins face-off versus Connor McDavid in neutral zone.
12:22 of 1st period - Wrist shot by Jack Hughes.
12:22 of 1st period - Stopped by Connor Hellebuyck with a rebound.
12:24 of 1st period - Snap shot by Jack Hughes.
12:24 of 1st period - Shot Misses the Net.
12:26 of 1st period - Snap shot by David Perron.
12:26 of 1st period - Stopped by Connor Hellebuyck without a rebound.
12:27 of 1st period - Connor McDavid wins face-off versus David Perron in Winnipeg Jets zone.
12:44 of 1st period - Wrist shot by Jonathan Toews.
12:44 of 1st period - Stopped by Connor Hellebuyck with a rebound.
12:54 of 1st period - Mark Stone is hit by Jeff Skinner and loses puck.
13:01 of 1st period - Adam Lowry is hit by Jacob Trouba and loses puck.
13:18 of 1st period - Wrist shot by Evgeni Malkin.
13:18 of 1st period - Shot Misses the Net.
13:53 of 1st period - Snap shot by Dylan Larkin.
13:53 of 1st period - Stopped by Antti Raanta without a rebound.
13:54 of 1st period - Jonathan Toews wins face-off versus Mark Stone in Minnesota North Stars zone.
14:07 of 1st period - Slapshot by Jack Hughes.
14:07 of 1st period - Shot Misses the Net.
14:09 of 1st period - Snap shot by David Perron.
14:09 of 1st period - Shot Misses the Net.
14:11 of 1st period - Slapshot by Neal Pionk.
14:11 of 1st period - Shot Misses the Net.
15:02 of 1st period - Snap shot by Jack Hughes.
15:02 of 1st period - Stopped by Connor Hellebuyck with a rebound.
15:04 of 1st period - Slapshot by Alex Goligoski.
15:04 of 1st period - Stopped by Connor Hellebuyck without a rebound.
15:05 of 1st period - Adam Lowry wins face-off versus Connor McDavid in Winnipeg Jets zone.
15:08 of 1st period - Wrist shot by Yegor Sharangovich.
15:08 of 1st period - Shot Misses the Net.
15:10 of 1st period - Slapshot by Rasmus Dahlin.
15:10 of 1st period - Shot Blocked by Kevin Shattenkirk.
15:12 of 1st period - Snap shot by Zdeno Chara.
15:12 of 1st period - Shot Blocked by Andrew Copp.
15:14 of 1st period - Slapshot by Yegor Sharangovich.
15:14 of 1st period - Goal by Yegor Sharangovich - Minnesota North Stars : 1 - Winnipeg Jets : 1.
15:15 of 1st period - Adam Lowry wins face-off versus Connor McDavid in neutral zone.
15:24 of 1st period - Wrist shot by Jeff Skinner.
15:24 of 1st period - Stopped by Connor Hellebuyck without a rebound.
15:25 of 1st period - Connor McDavid wins face-off versus Adam Lowry in Winnipeg Jets zone.
15:44 of 1st period - Snap shot by Ryan Nugent-Hopkins.
15:44 of 1st period - Stopped by Antti Raanta with a rebound.
16:02 of 1st period - Snap shot by Yegor Sharangovich.
16:02 of 1st period - Shot Misses the Net.
16:08 of 1st period - Wrist shot by Adam Lowry.
16:08 of 1st period - Stopped by Connor Hellebuyck with a rebound.
16:10 of 1st period - Snap shot by Jeff Skinner.
16:10 of 1st period - Shot Misses the Net.
16:12 of 1st period - Wrist shot by Yegor Sharangovich.
16:12 of 1st period - Stopped by Connor Hellebuyck with a rebound.
16:14 of 1st period - Slapshot by Gustav Forsling.
16:14 of 1st period - Shot Blocked by Connor McDavid.
16:42 of 1st period - Wrist shot by Yegor Sharangovich.
16:42 of 1st period - Shot Blocked by Andrew Copp.
16:44 of 1st period - Wrist shot by Rasmus Dahlin.
16:44 of 1st period - Deflect By Seth Jones.
16:44 of 1st period - Stopped by Connor Hellebuyck with a rebound.
16:46 of 1st period - Slapshot by Gustav Forsling.
16:46 of 1st period - Stopped by Connor Hellebuyck with a rebound.
16:48 of 1st period - Wrist shot by Adam Lowry.
16:48 of 1st period - Shot Misses the Net.
16:50 of 1st period - Snap shot by Yegor Sharangovich.
16:50 of 1st period - Stopped by Connor Hellebuyck with a rebound.
16:52 of 1st period - Slapshot by Adam Lowry.
16:52 of 1st period - Shot Misses the Net.
16:54 of 1st period - Slapshot by Yegor Sharangovich.
16:54 of 1st period - Shot Blocked by Seth Jones.
17:12 of 1st period - Snap shot by Brandon Montour.
17:12 of 1st period - Shot Misses the Net.
17:28 of 1st period - Wrist shot by Jeff Skinner.
17:28 of 1st period - Stopped by Connor Hellebuyck with a rebound.
17:30 of 1st period - Wrist shot by Adam Lowry.
17:30 of 1st period - Stopped by Connor Hellebuyck with a rebound.
17:32 of 1st period - Slapshot by Gustav Forsling.
17:32 of 1st period - Shot Blocked by Seth Jones.
17:34 of 1st period - Slapshot by Jeff Skinner.
17:34 of 1st period - Stopped by Connor Hellebuyck with a rebound.
17:36 of 1st period - Slapshot by Yegor Sharangovich.
17:36 of 1st period - Goal by Yegor Sharangovich - Minnesota North Stars : 2 - Winnipeg Jets : 1.
17:37 of 1st period - Jonathan Toews wins face-off versus Dylan Larkin in neutral zone.
17:42 of 1st period - Wrist shot by David Perron.
17:42 of 1st period - Deflect By Jack Hughes.
17:42 of 1st period - Stopped by Connor Hellebuyck with a rebound.
17:48 of 1st period - Snap shot by Jack Hughes.
17:48 of 1st period - Goal by Jack Hughes - Minnesota North Stars : 3 - Winnipeg Jets : 1.
17:49 of 1st period - Evgeni Malkin wins face-off versus Dylan Larkin in neutral zone.
17:52 of 1st period - Backhand shot by Viktor Arvidsson.
17:52 of 1st period - Goal by Viktor Arvidsson - Minnesota North Stars : 4 - Winnipeg Jets : 1.
17:53 of 1st period - Dylan Larkin wins face-off versus Jonathan Toews in neutral zone.
18:05 of 1st period - Icing by Rasmus Dahlin.
18:06 of 1st period - Jonathan Toews wins face-off versus Nick Suzuki in Minnesota North Stars zone.
18:17 of 1st period - Wrist shot by David Perron.
18:17 of 1st period - Shot Misses the Net.
18:31 of 1st period - Wrist shot by David Perron.
18:31 of 1st period - Deflect By Seth Jones.
18:31 of 1st period - Stopped by Connor Hellebuyck without a rebound.
18:32 of 1st period - Connor McDavid wins face-off versus Viktor Arvidsson in Winnipeg Jets zone.
18:45 of 1st period - Snap shot by Connor McDavid.
18:45 of 1st period - Deflect By Ryan Nugent-Hopkins.
18:45 of 1st period - Shot Blocked by Viktor Arvidsson.
18:45 of 1st period - Puck is out of play.
18:46 of 1st period - Jonathan Toews wins face-off versus Connor McDavid in Minnesota North Stars zone.
19:42 of 1st period - Snap shot by Jeff Skinner.
19:42 of 1st period - Stopped by Connor Hellebuyck without a rebound.
19:43 of 1st period - Jonathan Toews wins face-off versus Connor McDavid in Winnipeg Jets zone.
19:54 of 1st period - Backhand shot by Brandon Montour.
19:54 of 1st period - Shot Blocked by Jack Hughes.
19:54 of 1st period - Jack Hughes from Minnesota North Stars is injured at 19:54 of 1st period (Upper Body).
19:55 of 1st period - Connor McDavid wins face-off versus Evgeni Malkin in Minnesota North Stars zone.
Goals for this period are 4 for Minnesota North Stars vs 1 for Winnipeg Jets.
Shots for this period are 25 for Minnesota North Stars vs 10 for Winnipeg Jets.
2nd period
0:01 of 2nd period - Evgeni Malkin wins face-off versus Connor McDavid in neutral zone.
0:36 of 2nd period - Snap shot by Dylan Larkin.
0:36 of 2nd period - Shot Misses the Net.
0:50 of 2nd period - Wrist shot by Conor Sheary.
0:50 of 2nd period - Shot Blocked by John Klingberg.
1:18 of 2nd period - Wrist shot by Jonathan Marchessault.
1:18 of 2nd period - Stopped by Antti Raanta without a rebound.
1:19 of 2nd period - Dylan Larkin wins face-off versus David Perron in Minnesota North Stars zone.
1:20 of 2nd period - Snap shot by Mathew Barzal.
1:20 of 2nd period - Goal by Mathew Barzal - Minnesota North Stars : 4 - Winnipeg Jets : 2.
1:21 of 2nd period - Jonathan Toews wins face-off versus Connor McDavid in neutral zone.
1:57 of 2nd period - Slapshot by Mathew Barzal.
1:57 of 2nd period - Shot Misses the Net.
2:21 of 2nd period - Snap shot by Nick Suzuki.
2:21 of 2nd period - Stopped by Antti Raanta without a rebound.
2:22 of 2nd period - Connor McDavid wins face-off versus Evgeni Malkin in Minnesota North Stars zone.
2:27 of 2nd period - Backhand shot by Ryan Nugent-Hopkins.
2:27 of 2nd period - Shot Misses the Net.
2:29 of 2nd period - Snap shot by Andrew Copp.
2:29 of 2nd period - Stopped by Antti Raanta without a rebound.
2:30 of 2nd period - Connor McDavid wins face-off versus Viktor Arvidsson in Minnesota North Stars zone.
2:59 of 2nd period - Snap shot by Connor McDavid.
2:59 of 2nd period - Shot Misses the Net.
3:01 of 2nd period - Snap shot by Ryan Nugent-Hopkins.
3:01 of 2nd period - Shot Blocked by Neal Pionk.
3:07 of 2nd period - Wrist shot by Ryan Nugent-Hopkins.
3:07 of 2nd period - Shot Misses the Net.
3:09 of 2nd period - Snap shot by Andrew Copp.
3:09 of 2nd period - Goal by Andrew Copp - Minnesota North Stars : 4 - Winnipeg Jets : 3.
3:10 of 2nd period - Dylan Larkin wins face-off versus Jonathan Toews in neutral zone.
3:14 of 2nd period - Off-side.
3:15 of 2nd period - Jonathan Toews wins face-off versus Dylan Larkin in neutral zone.
3:43 of 2nd period - Minor Penalty to Jeff Skinner for Interference.
3:44 of 2nd period - Connor McDavid wins face-off versus Jonathan Toews in Minnesota North Stars zone.
3:45 of 2nd period - Snap shot by Andrew Copp.
3:45 of 2nd period - Stopped by Antti Raanta without a rebound.
3:46 of 2nd period - Jonathan Toews wins face-off versus Connor McDavid in Minnesota North Stars zone.
4:35 of 2nd period - Kevin Shattenkirk is hit by Adam Lowry and loses puck.
4:42 of 2nd period - Slapshot by Rasmus Dahlin.
4:42 of 2nd period - Shot Misses the Net.
4:44 of 2nd period - Snap shot by Zdeno Chara.
4:44 of 2nd period - Deflect By David Perron.
4:44 of 2nd period - Shot Misses the Net.
4:44 of 2nd period - Puck is out of play.
4:45 of 2nd period - Jonathan Toews wins face-off versus Dylan Larkin in Winnipeg Jets zone.
5:43 of 2nd period - Penalty to Jeff Skinner is over, Jeff Skinner is back on ice.
5:58 of 2nd period - Icing by Zdeno Chara.
5:59 of 2nd period - Andrew Poturalski wins face-off versus Pius Suter in Minnesota North Stars zone.
6:26 of 2nd period - Snap shot by Jeff Skinner.
6:26 of 2nd period - Stopped by Connor Hellebuyck with a rebound.
7:06 of 2nd period - Connor McDavid is hit by Rasmus Dahlin.
7:10 of 2nd period - Slapshot by Evgeni Malkin.
7:10 of 2nd period - Deflect By Gustav Nyquist.
7:10 of 2nd period - Shot Misses the Net.
7:10 of 2nd period - Puck is out of play.
7:11 of 2nd period - Evgeni Malkin wins face-off versus Pius Suter in Winnipeg Jets zone.
7:20 of 2nd period - Snap shot by Pius Suter.
7:20 of 2nd period - Shot Blocked by Gustav Forsling.
7:48 of 2nd period - Icing by Andrew Poturalski.
7:49 of 2nd period - Dylan Larkin wins face-off versus Andrew Poturalski in Minnesota North Stars zone.
8:13 of 2nd period - Wrist shot by Nino Niederreiter.
8:13 of 2nd period - Deflect By Conor Sheary.
8:13 of 2nd period - Stopped by Connor Hellebuyck without a rebound.
8:14 of 2nd period - Connor McDavid wins face-off versus Jonathan Toews in Winnipeg Jets zone.
8:16 of 2nd period - Minor Penalty to Ryan Nugent-Hopkins for Roughing.
8:17 of 2nd period - Connor McDavid wins face-off versus Evgeni Malkin in Winnipeg Jets zone.
8:31 of 2nd period - Rasmus Dahlin is hit by Connor McDavid and loses puck.
8:44 of 2nd period - Connor McDavid is hit by Adam Lowry and loses puck.
10:16 of 2nd period - Penalty to Ryan Nugent-Hopkins is over, Ryan Nugent-Hopkins is back on ice.
11:01 of 2nd period - Minor Penalty to Jacob Trouba for Holding Stick.
11:02 of 2nd period - Connor McDavid wins face-off versus Adam Lowry in Winnipeg Jets zone.
11:30 of 2nd period - Icing by Evgeni Malkin.
11:31 of 2nd period - Dylan Larkin wins face-off versus Jonathan Toews in Minnesota North Stars zone.
12:02 of 2nd period - Wrist shot by Connor McDavid.
12:02 of 2nd period - Stopped by Antti Raanta with a rebound.
12:12 of 2nd period - Slapshot by Evgeni Malkin.
12:12 of 2nd period - Shot Blocked by Brandon Montour.
12:14 of 2nd period - Snap shot by Jonathan Toews.
12:14 of 2nd period - Stopped by Connor Hellebuyck with a rebound.
12:16 of 2nd period - Wrist shot by Neal Pionk.
12:16 of 2nd period - Shot Misses the Net.
12:18 of 2nd period - Slapshot by Rasmus Dahlin.
12:18 of 2nd period - Shot Blocked by Connor McDavid.
12:40 of 2nd period - Kevin Shattenkirk is hit by Jonathan Toews and loses puck.
12:47 of 2nd period - Snap shot by Evgeni Malkin.
12:47 of 2nd period - Stopped by Connor Hellebuyck with a rebound.
13:01 of 2nd period - Penalty to Jacob Trouba is over, Jacob Trouba is back on ice.
13:01 of 2nd period - Snap shot by Evgeni Malkin.
13:01 of 2nd period - Deflect By Jonathan Toews.
13:01 of 2nd period - Stopped by Connor Hellebuyck without a rebound.
13:02 of 2nd period - Dylan Larkin wins face-off versus Andrew Poturalski in Winnipeg Jets zone.
13:13 of 2nd period - Dylan Larkin is hit by Alex Goligoski and loses puck.
15:06 of 2nd period - Wrist shot by Mark Stone.
15:06 of 2nd period - Shot Misses the Net.
16:03 of 2nd period - Icing by Neal Pionk.
16:04 of 2nd period - Jonathan Toews wins face-off versus Dylan Larkin in Minnesota North Stars zone.
16:04 of 2nd period - Jonathan Toews is hit by Mathew Barzal.
16:24 of 2nd period - Minor Penalty to Seth Jones for Hooking.
16:25 of 2nd period - Connor McDavid wins face-off versus Jonathan Toews in Winnipeg Jets zone.
16:36 of 2nd period - Snap shot by Evgeni Malkin.
16:36 of 2nd period - Deflect By Connor McDavid.
16:36 of 2nd period - Shot Misses the Net.
16:36 of 2nd period - Puck is out of play.
16:37 of 2nd period - Connor McDavid wins face-off versus Jonathan Toews in Winnipeg Jets zone.
17:45 of 2nd period - Icing by Justin Holl.
17:46 of 2nd period - Dylan Larkin wins face-off versus Jonathan Toews in Minnesota North Stars zone.
18:24 of 2nd period - Penalty to Seth Jones is over, Seth Jones is back on ice.
19:06 of 2nd period - Slapshot by Conor Sheary.
19:06 of 2nd period - Shot Blocked by Brandon Montour.
19:42 of 2nd period - Wrist shot by Connor McDavid.
19:42 of 2nd period - Stopped by Antti Raanta with a rebound.
19:44 of 2nd period - Wrist shot by Seth Jones.
19:44 of 2nd period - Shot Misses the Net.
19:46 of 2nd period - Backhand shot by Connor McDavid.
19:46 of 2nd period - Deflect By Seth Jones.
19:46 of 2nd period - Goal by Seth Jones - Minnesota North Stars : 4 - Winnipeg Jets : 4.
19:47 of 2nd period - Jonathan Toews wins face-off versus Dylan Larkin in neutral zone.
Goals for this period are 0 for Minnesota North Stars vs 3 for Winnipeg Jets.
Shots for this period are 5 for Minnesota North Stars vs 9 for Winnipeg Jets.
3rd period
0:01 of 3rd period - Connor McDavid wins face-off versus Jonathan Toews in neutral zone.
0:06 of 3rd period - Snap shot by Connor McDavid.
0:06 of 3rd period - Shot Blocked by Zdeno Chara.
1:25 of 3rd period - Off-side.
1:26 of 3rd period - Jonathan Toews wins face-off versus Dylan Larkin in neutral zone.
1:39 of 3rd period - Wrist shot by Jeff Skinner.
1:39 of 3rd period - Shot Blocked by Brandon Montour.
1:41 of 3rd period - Slapshot by Neal Pionk.
1:41 of 3rd period - Stopped by Connor Hellebuyck with a rebound.
2:28 of 3rd period - Nick Suzuki is hit by David Perron and loses puck.
2:37 of 3rd period - Alex Goligoski is hit by Jacob Trouba and loses puck.
2:52 of 3rd period - Snap shot by Kevin Shattenkirk.
2:52 of 3rd period - Deflect By Nino Niederreiter.
2:52 of 3rd period - Stopped by Antti Raanta with a rebound.
3:00 of 3rd period - Slapshot by Mathew Barzal.
3:00 of 3rd period - Shot Misses the Net.
3:02 of 3rd period - Wrist shot by Mark Stone.
3:02 of 3rd period - Shot Misses the Net.
3:04 of 3rd period - Slapshot by Seth Jones.
3:04 of 3rd period - Stopped by Antti Raanta with a rebound.
4:41 of 3rd period - Wrist shot by Conor Sheary.
4:41 of 3rd period - Deflect By Nino Niederreiter.
4:41 of 3rd period - Shot Misses the Net.
4:41 of 3rd period - Puck is out of play.
4:42 of 3rd period - Dylan Larkin wins face-off versus Andrew Poturalski in Winnipeg Jets zone.
5:08 of 3rd period - Pius Suter is hit by Gustav Forsling and loses puck.
5:31 of 3rd period - Slapshot by Adam Lowry.
5:31 of 3rd period - Shot Misses the Net.
5:39 of 3rd period - Adam Lowry is hit by Connor McDavid and loses puck.
6:53 of 3rd period - Snap shot by Adam Lowry.
6:53 of 3rd period - Stopped by Connor Hellebuyck without a rebound.
6:54 of 3rd period - Nick Suzuki wins face-off versus Adam Lowry in Winnipeg Jets zone.
6:54 of 3rd period - Nick Suzuki is hit by Justin Holl.
6:59 of 3rd period - Off-side.
7:00 of 3rd period - Nick Suzuki wins face-off versus Jonathan Toews in neutral zone.
7:35 of 3rd period - Gustav Nyquist is hit by Ryan Nugent-Hopkins and loses puck.
8:36 of 3rd period - Wrist shot by Nick Suzuki.
8:36 of 3rd period - Shot Blocked by Rasmus Dahlin.
8:38 of 3rd period - Snap shot by Kevin Shattenkirk.
8:38 of 3rd period - Shot Misses the Net.
8:47 of 3rd period - Off-side.
8:48 of 3rd period - Connor McDavid wins face-off versus Jonathan Toews in neutral zone.
8:51 of 3rd period - Gustav Forsling is hit by Ryan Nugent-Hopkins and loses puck.
8:56 of 3rd period - Snap shot by Connor McDavid.
8:56 of 3rd period - Deflect By Ryan Nugent-Hopkins.
8:56 of 3rd period - Shot Misses the Net.
8:56 of 3rd period - Puck is out of play.
8:57 of 3rd period - Dylan Larkin wins face-off versus Jonathan Toews in Minnesota North Stars zone.
9:24 of 3rd period - Snap shot by Yegor Sharangovich.
9:24 of 3rd period - Stopped by Connor Hellebuyck without a rebound.
9:25 of 3rd period - Adam Lowry wins face-off versus Connor McDavid in Winnipeg Jets zone.
9:50 of 3rd period - Wrist shot by Connor McDavid.
9:50 of 3rd period - Stopped by Antti Raanta with a rebound.
9:52 of 3rd period - Snap shot by Andrew Copp.
9:52 of 3rd period - Stopped by Antti Raanta with a rebound.
10:18 of 3rd period - Snap shot by Connor McDavid.
10:18 of 3rd period - Stopped by Antti Raanta with a rebound.
10:20 of 3rd period - Snap shot by Andrew Copp.
10:20 of 3rd period - Deflect By Connor McDavid.
10:20 of 3rd period - Shot Misses the Net.
10:20 of 3rd period - Puck is out of play.
10:21 of 3rd period - Dylan Larkin wins face-off versus Jonathan Toews in Minnesota North Stars zone.
10:36 of 3rd period - Snap shot by Mathew Barzal.
10:36 of 3rd period - Stopped by Antti Raanta with a rebound.
10:38 of 3rd period - Slapshot by Dylan Larkin.
10:38 of 3rd period - Shot Blocked by Gustav Forsling.
10:53 of 3rd period - Slapshot by Seth Jones.
10:53 of 3rd period - Shot Misses the Net.
11:37 of 3rd period - Slapshot by Conor Sheary.
11:37 of 3rd period - Stopped by Connor Hellebuyck with a rebound.
12:03 of 3rd period - Slapshot by Evgeni Malkin.
12:03 of 3rd period - Shot Misses the Net.
12:05 of 3rd period - Wrist shot by Adam Lowry.
12:05 of 3rd period - Stopped by Connor Hellebuyck without a rebound.
12:06 of 3rd period - Adam Lowry wins face-off versus Dylan Larkin in Winnipeg Jets zone.
12:11 of 3rd period - Snap shot by Jeff Skinner.
12:11 of 3rd period - Shot Misses the Net.
12:13 of 3rd period - Backhand shot by Zdeno Chara.
12:13 of 3rd period - Stopped by Connor Hellebuyck without a rebound.
12:14 of 3rd period - Jonathan Toews wins face-off versus Connor McDavid in Winnipeg Jets zone.
12:15 of 3rd period - Snap shot by Evgeni Malkin.
12:15 of 3rd period - Stopped by Connor Hellebuyck with a rebound.
12:17 of 3rd period - Snap shot by Jonathan Toews.
12:17 of 3rd period - Stopped by Connor Hellebuyck without a rebound.
12:18 of 3rd period - Ryan Nugent-Hopkins wins face-off versus Jonathan Toews in Winnipeg Jets zone.
12:23 of 3rd period - Andrew Copp is hit by Evgeni Malkin and loses puck.
12:30 of 3rd period - Wrist shot by Evgeni Malkin.
12:30 of 3rd period - Stopped by Connor Hellebuyck with a rebound.
12:32 of 3rd period - Slapshot by Zdeno Chara.
12:32 of 3rd period - Stopped by Connor Hellebuyck with a rebound.
12:44 of 3rd period - Jeff Skinner is hit by Brandon Montour and loses puck.
13:07 of 3rd period - Slapshot by Rasmus Dahlin.
13:07 of 3rd period - Shot Misses the Net.
13:41 of 3rd period - Snap shot by Nino Niederreiter.
13:41 of 3rd period - Shot Misses the Net.
13:43 of 3rd period - Slapshot by Andrew Poturalski.
13:43 of 3rd period - Deflect By Nino Niederreiter.
13:43 of 3rd period - Shot Misses the Net.
13:43 of 3rd period - Puck is out of play.
13:44 of 3rd period - Dylan Larkin wins face-off versus Andrew Poturalski in Winnipeg Jets zone.
14:41 of 3rd period - Snap shot by Jonathan Marchessault.
14:41 of 3rd period - Stopped by Antti Raanta with a rebound.
15:17 of 3rd period - Snap shot by Tyler Toffoli.
15:17 of 3rd period - Shot Misses the Net.
15:19 of 3rd period - Snap shot by Pius Suter.
15:19 of 3rd period - Shot Blocked by Neal Pionk.
15:21 of 3rd period - Wrist shot by Pius Suter.
15:21 of 3rd period - Deflect By Nick Suzuki.
15:21 of 3rd period - Shot Misses the Net.
15:21 of 3rd period - Puck is out of play.
15:22 of 3rd period - Pius Suter wins face-off versus Evgeni Malkin in Minnesota North Stars zone.
15:25 of 3rd period - Wrist shot by Tyler Toffoli.
15:25 of 3rd period - Shot Misses the Net.
16:18 of 3rd period - Kevin Shattenkirk is hit by David Perron and loses puck.
16:57 of 3rd period - Seth Jones is hit by Jonathan Toews and loses puck.
19:00 of 3rd period - Connor McDavid is hit by Jeff Skinner and loses puck.
19:11 of 3rd period - Ryan Nugent-Hopkins is hit by Neal Pionk and loses puck.
Goals for this period are 0 for Minnesota North Stars vs 0 for Winnipeg Jets.
Shots for this period are 10 for Minnesota North Stars vs 7 for Winnipeg Jets.
Overtime #1
0:01 of 1st overtime period - Jonathan Toews wins face-off versus Connor McDavid in neutral zone.
0:10 of 1st overtime period - Snap shot by Evgeni Malkin.
0:10 of 1st overtime period - Shot Misses the Net.
0:12 of 1st overtime period - Slapshot by Evgeni Malkin.
0:12 of 1st overtime period - Stopped by Connor Hellebuyck without a rebound.
0:13 of 1st overtime period - Connor McDavid wins face-off versus Jonathan Toews in Winnipeg Jets zone.
1:05 of 1st overtime period - Snap shot by Dylan Larkin.
1:05 of 1st overtime period - Shot Misses the Net.
1:21 of 1st overtime period - Evgeni Malkin is hit by Jacob Trouba and loses puck.
1:36 of 1st overtime period - Slapshot by Alex Goligoski.
1:36 of 1st overtime period - Deflect By Evgeni Malkin.
1:36 of 1st overtime period - Stopped by Connor Hellebuyck with a rebound.
2:21 of 1st overtime period - Adam Lowry is hit by Dylan Larkin and loses puck.
2:46 of 1st overtime period - Yegor Sharangovich is hit by Jacob Trouba and loses puck.
3:29 of 1st overtime period - Alex Goligoski is hit by John Klingberg and loses puck.
3:38 of 1st overtime period - Dylan Larkin is hit by Jonathan Toews and loses puck.
4:00 of 1st overtime period - Slapshot by Tyler Toffoli.
4:00 of 1st overtime period - Shot Blocked by Alex Goligoski.
4:02 of 1st overtime period - Slapshot by Andrew Cogliano.
4:02 of 1st overtime period - Stopped by Antti Raanta without a rebound.
4:03 of 1st overtime period - Evgeni Malkin wins face-off versus Andrew Cogliano in Minnesota North Stars zone.
4:37 of 1st overtime period - Neal Pionk is hit by Connor McDavid and loses puck.
Goals for this period are 0 for Minnesota North Stars vs 0 for Winnipeg Jets.
Shots for this period are 2 for Minnesota North Stars vs 1 for Winnipeg Jets.
ShootOut
5:00 of 1st overtime period - Round #1.
5:00 of 1st overtime period - Minnesota North Stars, Evgeni Malkin.
5:00 of 1st overtime period - Snap shot by Evgeni Malkin.
5:00 of 1st overtime period - Goal by Evgeni Malkin.
5:00 of 1st overtime period - Winnipeg Jets, Connor McDavid.
5:00 of 1st overtime period - Deke by Connor McDavid.
5:00 of 1st overtime period - Stopped by Antti Raanta.
5:00 of 1st overtime period - Round #2.
5:00 of 1st overtime period - Minnesota North Stars, David Perron.
5:00 of 1st overtime period - Backhand shot by David Perron.
5:00 of 1st overtime period - Stopped by Connor Hellebuyck.
5:00 of 1st overtime period - Winnipeg Jets, Ryan Nugent-Hopkins.
5:00 of 1st overtime period - Snap shot by Ryan Nugent-Hopkins.
5:00 of 1st overtime period - Goal by Ryan Nugent-Hopkins.
5:00 of 1st overtime period - Round #3.
5:00 of 1st overtime period - Minnesota North Stars, Jeff Skinner.
5:00 of 1st overtime period - Deke by Jeff Skinner.
5:00 of 1st overtime period - Stopped by Connor Hellebuyck.
5:00 of 1st overtime period - Winnipeg Jets, Dylan Larkin.
5:00 of 1st overtime period - Deke by Dylan Larkin.
5:00 of 1st overtime period - Shot Misses the Net.
5:00 of 1st overtime period - Round #4.
5:00 of 1st overtime period - Minnesota North Stars, Jonathan Toews.
5:00 of 1st overtime period - Snap shot by Jonathan Toews.
5:00 of 1st overtime period - Stopped by Connor Hellebuyck.
5:00 of 1st overtime period - Winnipeg Jets, Nick Suzuki.
5:00 of 1st overtime period - Deke by Nick Suzuki.
5:00 of 1st overtime period - Shot Misses the Net.
5:00 of 1st overtime period - Round #5.
5:00 of 1st overtime period - Minnesota North Stars, Alex Goligoski.
5:00 of 1st overtime period - Deke by Alex Goligoski.
5:00 of 1st overtime period - Goal by Alex Goligoski.
5:00 of 1st overtime period - Winnipeg Jets, Andrew Copp.
5:00 of 1st overtime period - Snap shot by Andrew Copp.
5:00 of 1st overtime period - Shot Misses the Net.
Back to the Top